Wolfes vs Carnivores

Created - January 8, 2020 at 19:00

Goals
1 2 3 T
Wolfes 2 4 0 6
Carnivores 3 3 2 8
Shots
1 2 3 T
Wolfes 15 14 3 32
Carnivores 11 13 6 30

1st period

1. Carnivores , Jeremy Welsh 12 (Mark McNeill 5, Tristan Jarry) at 5:50 (PP)
2. Wolfes , Barclay Goodrow 1 (Michael Stone 23) at 15:18
3. Carnivores , Anton Gustafsson 15 (Blake Geoffrion 15) at 17:37
4. Wolfes , Kyle Rau 8 (Benn Ferriero 5, Sergei Plotnikov 8) at 19:06 (PP)
5. Carnivores , Scott Laughton 7 (Mat Clark 14) at 19:12

Penalties :
Klas Dahlbeck (RIM) for Roughing (Minor) at 4:36, David Fischer (Bre) for Hooking (Minor) at 18:32

2nd period

6. Carnivores , Anton Gustafsson 16 (Riley Barber 4) at 1:59
7. Wolfes , Benn Ferriero 8 (Kyle Rau 8, Sergei Plotnikov 9) at 2:24
8. Carnivores , Joel Armia 8 (Markus Granlund 19, Nicolas Kerdiles 6) at 4:10
9. Wolfes , Benn Ferriero 9 (Sergei Plotnikov 10, Kyle Rau 9) at 4:45
10. Wolfes , Benn Ferriero 10 (Kyle Rau 10, Sergei Plotnikov 11) at 5:20
11. Carnivores , Chris Lawrence 10 (Blake Geoffrion 16, Anton Gustafsson 17) at 9:25
12. Wolfes , Barclay Goodrow 2 (Jacob Lagacé 1, Nicolas Deschamps 1) at 13:59

Penalties :
Jacob Lagacé (RIM) for Hooking (Minor) at 17:33

3rd period

13. Carnivores , Scott Laughton 8 (Jeremy Welsh 8) at 9:22
14. Carnivores , Markus Granlund 11 (David Fischer 16, Anton Gustafsson 18) at 12:16 (PP)

Penalties :
Anton Gustafsson (Bre) for Hooking (Minor) at 2:49, Blake Pietila (RIM) for Hooking (Minor) at 12:06

Goalie Stats

Laurent Brossoit (RIM), 8 saves from 12 shots - (0.667), 21:59 minutes
Jeremy Smith (RIM), 14 saves from 18 shots - (0.778), L, 3-5-0, 38:01 minutes
Tristan Jarry (Bre), 26 saves from 32 shots - (0.813), W, 3-5-1, 60:00 minutes

Players Stats for Wolfes

Player Name              G  A  P  +/- PIM S  H  SB GA TA FO     MP     PP MP  PK MP  
------------------------------------------------------------------------------------
Alexandre Grenier        0  0  0  -4  0   2  4  1  2  0  2/2    22:37   1:50   1:55 
Angelo Esposito          0  0  0  -1  0   0  0  0  0  0  2/6    12:02   0:00   0:00 
Anton Lindholm           0  0  0   0  0   0  0  1  0  2  0/0     5:55   0:00   0:09 
Barclay Goodrow          2  0  2   2  0   3  1  1  1  0  0/0     8:07   0:00   0:00 
Benn Ferriero            3  1  4   2  0   4  1  0  0  0  0/0    17:40   0:43   0:48 
Blake Pietila            0  0  0  -4  2   3  6  2  2  0  3/4    20:58   1:50   1:44 
Charles-Olivier Roussel  0  0  0  -1  0   0  3  3  0  1  0/0     9:35   0:34   1:05 
Jacob Lagacé             0  1  1   2  2   0  0  0  1  0  0/0     8:27   0:00   0:00 
Jyrki Jokipakka          0  0  0   1  0   2  1  1  0  0  0/0    25:55   0:30   0:49 
Klas Dahlbeck            0  0  0  -3  2   1  4  1  0  1  0/0    24:09   1:29   0:59 
Kyle Rau                 1  3  4   2  0   2  0  0  0  0  6/11   17:21   0:43   0:00 
Matt Grzelcyk            0  0  0  -1  0   0  2  0  1  1  0/0    20:32   1:10   1:29 
Michael Stone            0  1  1   2  0   1  3  0  0  1  0/0    29:57   1:23   2:15 
Nicolas Deschamps        0  1  1   2  0   3  0  0  0  0  3/3     8:07   0:00   0:00 
Pavel Kraskovsky         0  0  0   0  0   0  0  0  0  0  0/0     0:00   0:00   0:00 
Scott Timmins            0  0  0  -4  0   3  5  0  0  0  11/33  20:02   1:50   0:18 
Sergei Plotnikov         0  4  4   2  0   4  1  0  0  0  0/1    19:41   0:43   1:17 
Thomas Spelling          0  0  0  -1  0   1  2  0  0  1  0/0    12:02   0:00   0:00 
Victor Olofsson          0  0  0   0  0   0  0  0  0  0  0/0     0:20   0:00   0:00 
Zachary Sanford          0  0  0  -1  0   3  1  0  1  0  0/2    13:07   0:00   0:44 

Players Stats for Carnivores

Player Name              G  A  P  +/- PIM S  H  SB GA TA FO     MP     PP MP  PK MP  
------------------------------------------------------------------------------------
Andreas Englund          0  0  0   1  0   0  0  0  0  0  0/0     4:53   0:00   0:00 
Anton Gustafsson         2  2  4   2  2   3  0  0  0  0  19/32  22:06   1:31   0:34 
Blake Geoffrion          0  2  2   2  0   2  2  0  2  0  1/2    16:20   1:21   0:53 
Chris Lawrence           1  0  1   2  0   5  1  1  0  0  1/2    19:58   0:02   0:00 
Curtis Lazar             0  0  0  -1  0   1  1  0  0  0  0/1     9:23   0:00   0:00 
David Fischer            0  1  1  -1  2   2  1  0  0  1  0/0    23:36   2:13   1:10 
Jeremy Welsh             1  1  2  -1  0   3  1  0  0  0  0/0    17:59   1:50   0:53 
Joel Armia               1  0  1   1  0   1  0  0  0  0  0/0    12:02   1:31   0:00 
Mark McNeill             0  1  1  -1  0   3  0  0  1  0  0/0    16:56   1:50   0:00 
Markus Granlund          1  1  2   1  0   2  1  0  0  2  3/3    13:36   0:12   0:30 
Mat Clark                0  1  1   0  0   0  1  0  2  3  0/0    28:11   2:13   1:44 
Mattias Backman          0  0  0   2  0   0  1  0  0  0  0/0    18:54   1:10   0:49 
Nicolas Kerdiles         0  1  1   1  0   1  2  0  2  0  1/1    12:12   0:02   1:22 
Oskar Lindblom           0  0  0  -1  0   0  1  0  0  0  1/1     9:51   0:00   0:07 
Riley Barber             0  1  1  -1  0   0  0  1  0  0  1/1     9:23   0:00   0:00 
Scott Laughton           2  0  2  -1  0   5  3  0  0  0  8/19   17:40   1:50   0:47 
T.J Brodie               0  0  0   2  0   1  2  2  0  1  0/0    18:33   1:10   0:49 
Tony DeAngelo            0  0  0  -1  0   0  1  0  0  0  0/0    13:13   0:00   0:34 
Trevor Van Riemsdyk      0  0  0  -1  0   1  1  1  0  1  0/0    12:39   0:00   0:00 

3 Stars

1 - Benn Ferriero (RIM)
2 - Anton Gustafsson (Bre)
3 - Kyle Rau (RIM)

Power Play

Wolfes - 1 on 2 Attempt(s) - 50.00%
Carnivores - 2 on 3 Attempt(s) - 66.67%

Penalty Kill

Wolfes - 1 on 3 Attempt(s) - 33.33% - Score 0 goal in Penalty Kill
Carnivores - 1 on 2 Attempt(s) - 50.00% - Score 0 goal in Penalty Kill

Team Stat

Wolfes - Hits : 34 - Faceoff Wins : 27 - Blocked Shots : 10 - Penalty Minutes : 6
Carnivores - Hits : 19 - Faceoff Wins : 35 - Blocked Shots : 5 - Penalty Minutes : 4

Official

Referees : Unknown
Linesman : Unknown

Game Notes

Anton Lindholm is injured at 16:52 of 1st period (Right Foot)
Charles-Olivier Roussel is injured at 0:32 of 2nd period (Strained Left Elbow)
Jeremy Smith enters game at 1:59 of 2nd period
Benn Ferriero has scored a Hat Trick!
Blake Geoffrion is injured at 3:08 of 3rd period (Sprained Left Knee)

Finance

Level 1 -- Attendance: 1537 (76.85%) -- Ticket Income $61,480
Level 2 -- Attendance: 784 (78.40%) -- Ticket Income $15,680
Total Attendance: 2321 (77.37%)
Total Ticket Income: $77,160
Other Income: $3,858
Total Income: $81,018

Wolfes

5 vs 5 Forward 
   Center                   Left Wing                Right Wing               Time % Phy DF OF 
 1 Scott Timmins            Blake Pietila            Alexandre Grenier        40     1   2  2  
 2 Kyle Rau                 Sergei Plotnikov         Benn Ferriero            30     1   2  2  
 3 Angelo Esposito          Zachary Sanford          Thomas Spelling          20     1   2  2  
 4 Nicolas Deschamps        Jacob Lagacé             Barclay Goodrow          10     1   2  2  

5 vs 5 Defense 
   Defense                  Defense                                           Time % Phy DF OF 
 1 Michael Stone            Charles-Olivier Roussel                           40     1   2  2  
 2 Klas Dahlbeck            Anton Lindholm                                    30     1   2  2  
 3 Jyrki Jokipakka          Matt Grzelcyk                                     20     1   2  2  
 4 Michael Stone            Charles-Olivier Roussel                           10     1   2  2  

PowerPlay Forward 
   Center                   Left Wing                Right Wing               Time % Phy DF OF 
 1 Scott Timmins            Blake Pietila            Alexandre Grenier        60     1   2  2  
 2 Kyle Rau                 Sergei Plotnikov         Benn Ferriero            40     1   2  2  

PowerPlay Defense
   Defense                  Defense                                           Time % Phy DF OF 
 1 Michael Stone            Charles-Olivier Roussel                           60     1   2  2  
 2 Klas Dahlbeck            Anton Lindholm                                    40     1   2  2  

Penalty Kill 4 Players Forward 
   Center                   Wing                     Time % Phy DF OF 
 1 Alexandre Grenier        Blake Pietila            60     1   2  2  
 2 Benn Ferriero            Sergei Plotnikov         40     1   2  2  

Penalty Kill 4 Players Defense
   Defense                  Defense                  Time % Phy DF OF 
 1 Michael Stone            Charles-Olivier Roussel  60     1   2  2  
 2 Klas Dahlbeck            Anton Lindholm           40     1   2  2  

Penalty Kill - 3 Players Forward 
   Forward                                           Time % Phy DF OF 
 1 Alexandre Grenier                                 60     1   2  2  
 2 Blake Pietila                                     40     1   2  2  

Penalty Kill - 3 Players Defense
   Defense                  Defense                  Time % Phy DF OF 
 1 Michael Stone            Charles-Olivier Roussel  60     1   2  2  
 2 Klas Dahlbeck            Anton Lindholm           40     1   2  2  

4 vs 4 Forward 
   Center                   Wing                     Time % Phy DF OF 
 1 Alexandre Grenier        Blake Pietila            60     1   2  2  
 2 Benn Ferriero            Sergei Plotnikov         40     1   2  2  

4 vs 4 Defense
   Defense                  Defense                  Time % Phy DF OF 
 1 Michael Stone            Charles-Olivier Roussel  60     1   2  2  
 2 Klas Dahlbeck            Anton Lindholm           40     1   2  2  

Last Minutes Offensive
   Center                   Left Wing                Right Wing               Defense                  Defense                  
   Scott Timmins            Blake Pietila            Alexandre Grenier        Michael Stone            Charles-Olivier Roussel  

Last Minutes Defensive
   Center                   Left Wing                Right Wing               Defense                  Defense                  
   Scott Timmins            Blake Pietila            Alexandre Grenier        Michael Stone            Charles-Olivier Roussel  

Goaltenders
Starting : Laurent Brossoit         
Backup : Jeremy Smith             

Extra Forwards
Normal : Victor Olofsson, Pavel Kraskovsky, Zachary Sanford - PP : Victor Olofsson, Pavel Kraskovsky - PK : Zachary Sanford
Extra Defensemen
Normal : Jyrki Jokipakka, Matt Grzelcyk, Klas Dahlbeck - PP : Jyrki Jokipakka - PK : Matt Grzelcyk, Klas Dahlbeck
Penalty Shots
Alexandre Grenier, Blake Pietila, Benn Ferriero, Sergei Plotnikov, Scott Timmins

Scratches
Christophe Lalancette (Healthy), Joe Morrow (Broken Bone (Right Arm) Injury), Martin Hanzal (Lower Body Injury), Remi Elie (Healthy), Sean Monahan (Healthy)
Louis Belpedio (Healthy), Cameron Darcy (Healthy), Joonas Lyytinen (Separated Right Shoulder Injury), Fredrik Olofsson (Healthy), Nolan Vesey (Healthy)
Vaclav Karabacek (Healthy), Kyle Pettit (Healthy), Dylan Sadowy (Healthy), Jeffrey Foss (Healthy), Anton Karlsson (Healthy)
Ebbe Siönäs (Healthy), Sami Aittokallio (Healthy), Kaapo Kahkonen (Healthy)

Carnivores

5 vs 5 Forward 
   Center                   Left Wing                Right Wing               Time % Phy DF OF 
 1 Anton Gustafsson         Blake Geoffrion          Chris Lawrence           40     1   2  2  
 2 Scott Laughton           Jeremy Welsh             Mark McNeill             30     1   2  2  
 3 Markus Granlund          Nicolas Kerdiles         Joel Armia               20     1   2  2  
 4 Curtis Lazar             Oskar Lindblom           Riley Barber             10     1   2  2  

5 vs 5 Defense 
   Defense                  Defense                                           Time % Phy DF OF 
 1 Mat Clark                David Fischer                                     40     1   2  2  
 2 Mattias Backman          T.J Brodie                                        30     1   2  2  
 3 Trevor Van Riemsdyk      Tony DeAngelo                                     20     1   2  2  
 4 Andreas Englund          Mat Clark                                         10     1   2  2  

PowerPlay Forward 
   Center                   Left Wing                Right Wing               Time % Phy DF OF 
 1 Anton Gustafsson         Blake Geoffrion          Joel Armia               60     1   2  2  
 2 Scott Laughton           Jeremy Welsh             Mark McNeill             40     1   2  2  

PowerPlay Defense
   Defense                  Defense                                           Time % Phy DF OF 
 1 Mat Clark                David Fischer                                     60     1   2  2  
 2 Mattias Backman          T.J Brodie                                        40     1   2  2  

Penalty Kill 4 Players Forward 
   Center                   Wing                     Time % Phy DF OF 
 1 Blake Geoffrion          Anton Gustafsson         60     1   2  2  
 2 Chris Lawrence           Jeremy Welsh             40     1   2  2  

Penalty Kill 4 Players Defense
   Defense                  Defense                  Time % Phy DF OF 
 1 Mat Clark                David Fischer            60     1   2  2  
 2 Mattias Backman          T.J Brodie               40     1   2  2  

Penalty Kill - 3 Players Forward 
   Forward                                           Time % Phy DF OF 
 1 Blake Geoffrion                                   60     1   2  2  
 2 Anton Gustafsson                                  40     1   2  2  

Penalty Kill - 3 Players Defense
   Defense                  Defense                  Time % Phy DF OF 
 1 Mat Clark                David Fischer            60     1   2  2  
 2 Mattias Backman          T.J Brodie               40     1   2  2  

4 vs 4 Forward 
   Center                   Wing                     Time % Phy DF OF 
 1 Blake Geoffrion          Anton Gustafsson         60     1   2  2  
 2 Chris Lawrence           Jeremy Welsh             40     1   2  2  

4 vs 4 Defense
   Defense                  Defense                  Time % Phy DF OF 
 1 Mat Clark                David Fischer            60     1   2  2  
 2 Mattias Backman          T.J Brodie               40     1   2  2  

Last Minutes Offensive
   Center                   Left Wing                Right Wing               Defense                  Defense                  
   Anton Gustafsson         Blake Geoffrion          Chris Lawrence           Mat Clark                David Fischer            

Last Minutes Defensive
   Center                   Left Wing                Right Wing               Defense                  Defense                  
   Anton Gustafsson         Blake Geoffrion          Chris Lawrence           Mat Clark                David Fischer            

Goaltenders
Starting : Tristan Jarry            
Backup : Niklas Svedberg          

Extra Forwards
Normal : Markus Granlund, Joel Armia, Nicolas Kerdiles - PP : Markus Granlund, Joel Armia - PK : Nicolas Kerdiles
Extra Defensemen
Normal : Trevor Van Riemsdyk, Tony DeAngelo, Andreas Englund - PP : Trevor Van Riemsdyk - PK : Tony DeAngelo, Andreas Englund
Penalty Shots
Blake Geoffrion, Anton Gustafsson, Chris Lawrence, Jeremy Welsh, Scott Laughton

Scratches
Adam Almquist (Healthy), Stanislav Galiev (Healthy), Mark MacMillan (Healthy), Lucas Wallmark (Healthy), Troy Bourke (Healthy)
Alexandre Mallet (Healthy), Hunter Shinkaruk (Healthy), Josh Wesley (Healthy), Linus Ullmark (Healthy)

% Time on Ice - Wolfes

Lines # - Real PCT - Wanted PCT - Time Play
Normal Forward
1 - 33% - 40% - 17:46
2 - 30% - 30% - 16:09
3 - 22% - 20% - 12:02
4 - 15% - 10% - 8:07
Normal Defense
1 - 42% - 40% - 22:51
2 - 33% - 30% - 17:42
3 - 16% - 20% - 8:44
4 - 9% - 10% - 4:47
PP Forward
1 - 72% - 60% - 1:50
2 - 28% - 40% - 0:43
PP Defense
1 - 54% - 60% - 1:23
2 - 46% - 40% - 1:10
PK Forward
1 - 76% - 60% - 2:35
2 - 24% - 40% - 0:48
PK Defense
1 - 67% - 60% - 2:15
2 - 33% - 40% - 1:08
PK3 Forward
1 - 0% - 60%
2 - 0% - 40%
PK3 Defense
1 - 0% - 60%
2 - 0% - 40%
44 Forward
1 - 0% - 60%
2 - 0% - 40%
44 Defense
1 - 0% - 60%
2 - 0% - 40%
Last Minute Offensive  - 0:00
Last Minute Defensive  - 0:00
Total
Forward - 60:00
Defense - 60:00

% Time on Ice - Carnivores

Lines # - Real PCT - Wanted PCT - Time Play
Normal Forward
1 - 38% - 40% - 20:46
2 - 28% - 30% - 15:03
3 - 16% - 20% - 8:52
4 - 17% - 10% - 9:23
Normal Defense
1 - 37% - 40% - 20:14
2 - 31% - 30% - 16:34
3 - 23% - 20% - 12:39
4 - 9% - 10% - 4:37
PP Forward
1 - 46% - 60% - 1:33
2 - 54% - 40% - 1:50
PP Defense
1 - 66% - 60% - 2:13
2 - 34% - 40% - 1:10
PK Forward
1 - 100% - 60% - 2:33
2 - 0% - 40% - 0:00
PK Defense
1 - 68% - 60% - 1:44
2 - 32% - 40% - 0:49
PK3 Forward
1 - 0% - 60%
2 - 0% - 40%
PK3 Defense
1 - 0% - 60%
2 - 0% - 40%
44 Forward
1 - 0% - 60%
2 - 0% - 40%
44 Defense
1 - 0% - 60%
2 - 0% - 40%
Last Minute Offensive  - 0:00
Last Minute Defensive  - 0:00
Total
Forward - 60:00
Defense - 60:00

Play-by-Play

1st period


0:01 of 1st period - Blake Pietila wins face-off versus Anton Gustafsson in neutral zone.
0:13 of 1st period - Wrist shot by Blake Geoffrion.
0:13 of 1st period - Shot Blocked by Blake Pietila.
0:34 of 1st period - Wrist shot by Benn Ferriero.
0:34 of 1st period - Shot Misses the Net.
0:36 of 1st period - Slapshot by Klas Dahlbeck.
0:36 of 1st period - Stopped by Tristan Jarry without a rebound.
0:37 of 1st period - Markus Granlund wins face-off versus Angelo Esposito in Carnivores zone.
1:07 of 1st period - Snap shot by Barclay Goodrow.
1:07 of 1st period - Shot Misses the Net.
1:09 of 1st period - Slapshot by Anton Lindholm.
1:09 of 1st period - Shot Misses the Net.
1:44 of 1st period - Snap shot by Mark McNeill.
1:44 of 1st period - Shot Misses the Net.
2:31 of 1st period - Snap shot by Nicolas Deschamps.
2:31 of 1st period - Stopped by Tristan Jarry with a rebound.
2:33 of 1st period - Snap shot by Barclay Goodrow.
2:33 of 1st period - Stopped by Tristan Jarry with a rebound.
2:35 of 1st period - Snap shot by Nicolas Deschamps.
2:35 of 1st period - Stopped by Tristan Jarry without a rebound.
2:36 of 1st period - Anton Gustafsson wins face-off versus Scott Timmins in Carnivores zone.
3:54 of 1st period - Wrist shot by Barclay Goodrow.
3:54 of 1st period - Shot Blocked by T.J Brodie.
3:56 of 1st period - Backhand shot by Nicolas Deschamps.
3:56 of 1st period - Stopped by Tristan Jarry without a rebound.
3:57 of 1st period - Anton Gustafsson wins face-off versus Scott Timmins in Carnivores zone.
3:57 of 1st period - Anton Gustafsson is hit by Charles-Olivier Roussel.
4:36 of 1st period - Minor Penalty to Klas Dahlbeck for Roughing.
4:37 of 1st period - Alexandre Grenier wins face-off versus Scott Laughton in Wolfes zone.
4:50 of 1st period - Snap shot by Mark McNeill.
4:50 of 1st period - Stopped by Laurent Brossoit without a rebound.
4:51 of 1st period - Blake Pietila wins face-off versus Anton Gustafsson in Wolfes zone.
5:16 of 1st period - Scott Laughton is hit by Charles-Olivier Roussel and loses puck.
5:29 of 1st period - Wrist shot by Benn Ferriero.
5:29 of 1st period - Stopped by Tristan Jarry with a rebound.
5:35 of 1st period - Michael Stone is hit by Mattias Backman and loses puck.
5:50 of 1st period - Snap shot by Jeremy Welsh.
5:50 of 1st period - Goal by Jeremy Welsh - Wolfes : 0 - Carnivores : 1.
5:51 of 1st period - Scott Timmins wins face-off versus Chris Lawrence in neutral zone.
5:53 of 1st period - Off-side.
5:54 of 1st period - Scott Timmins wins face-off versus Anton Gustafsson in neutral zone.
6:49 of 1st period - Snap shot by Zachary Sanford.
6:49 of 1st period - Stopped by Tristan Jarry with a rebound.
7:03 of 1st period - Icing by Blake Pietila.
7:04 of 1st period - Oskar Lindblom wins face-off versus Scott Timmins in Wolfes zone.
7:11 of 1st period - Snap shot by Curtis Lazar.
7:11 of 1st period - Stopped by Laurent Brossoit with a rebound.
7:22 of 1st period - Off-side.
7:23 of 1st period - Scott Laughton wins face-off versus Kyle Rau in neutral zone.
8:28 of 1st period - Wrist shot by Curtis Lazar.
8:28 of 1st period - Deflect By Oskar Lindblom.
8:28 of 1st period - Shot Misses the Net.
8:28 of 1st period - Puck is out of play.
8:29 of 1st period - Nicolas Deschamps wins face-off versus Curtis Lazar in Wolfes zone.
8:29 of 1st period - Nicolas Deschamps is hit by Curtis Lazar.
8:37 of 1st period - T.J Brodie is hit by Barclay Goodrow and loses puck.
8:54 of 1st period - Anton Lindholm is hit by T.J Brodie and loses puck.
9:17 of 1st period - Slapshot by Jeremy Welsh.
9:17 of 1st period - Stopped by Laurent Brossoit with a rebound.
10:42 of 1st period - Mark McNeill is hit by Klas Dahlbeck and loses puck.
11:01 of 1st period - Wrist shot by Zachary Sanford.
11:01 of 1st period - Stopped by Tristan Jarry with a rebound.
11:03 of 1st period - Slapshot by Charles-Olivier Roussel.
11:03 of 1st period - Shot Misses the Net.
11:05 of 1st period - Slapshot by Zachary Sanford.
11:05 of 1st period - Shot Misses the Net.
11:43 of 1st period - Snap shot by Sergei Plotnikov.
11:43 of 1st period - Stopped by Tristan Jarry without a rebound.
11:44 of 1st period - Riley Barber wins face-off versus Kyle Rau in Carnivores zone.
11:53 of 1st period - Wrist shot by Sergei Plotnikov.
11:53 of 1st period - Stopped by Tristan Jarry without a rebound.
11:54 of 1st period - Anton Gustafsson wins face-off versus Scott Timmins in Carnivores zone.
11:54 of 1st period - Anton Gustafsson is hit by Blake Pietila.
12:06 of 1st period - Slapshot by Scott Timmins.
12:06 of 1st period - Stopped by Tristan Jarry with a rebound.
12:20 of 1st period - Wrist shot by Benn Ferriero.
12:20 of 1st period - Shot Misses the Net.
12:22 of 1st period - Wrist shot by Kyle Rau.
12:22 of 1st period - Stopped by Tristan Jarry without a rebound.
12:23 of 1st period - Scott Laughton wins face-off versus Kyle Rau in Carnivores zone.
12:48 of 1st period - Mat Clark is hit by Scott Timmins and loses puck.
13:09 of 1st period - Wrist shot by Chris Lawrence.
13:09 of 1st period - Stopped by Laurent Brossoit with a rebound.
13:11 of 1st period - Snap shot by Nicolas Kerdiles.
13:11 of 1st period - Stopped by Laurent Brossoit with a rebound.
14:17 of 1st period - Wrist shot by Jeremy Welsh.
14:17 of 1st period - Stopped by Laurent Brossoit with a rebound.
15:18 of 1st period - Snap shot by Barclay Goodrow.
15:18 of 1st period - Goal by Barclay Goodrow - Wolfes : 1 - Carnivores : 1.
15:19 of 1st period - Anton Gustafsson wins face-off versus Scott Timmins in neutral zone.
16:23 of 1st period - Icing by Joel Armia.
16:24 of 1st period - Nicolas Deschamps wins face-off versus Anton Gustafsson in Carnivores zone.
16:50 of 1st period - Wrist shot by Scott Laughton.
16:50 of 1st period - Shot Misses the Net.
16:52 of 1st period - Slapshot by Mat Clark.
16:52 of 1st period - Shot Blocked by Anton Lindholm.
16:52 of 1st period - Anton Lindholm from Wolfes is injured at 16:52 of 1st period (Right Foot).
16:53 of 1st period - Scott Timmins wins face-off versus Anton Gustafsson in Wolfes zone.
17:10 of 1st period - Mat Clark is hit by Blake Pietila and loses puck.
17:21 of 1st period - Snap shot by Zachary Sanford.
17:21 of 1st period - Stopped by Tristan Jarry with a rebound.
17:33 of 1st period - Snap shot by Blake Geoffrion.
17:33 of 1st period - Shot Misses the Net.
17:35 of 1st period - Wrist shot by Anton Gustafsson.
17:35 of 1st period - Shot Blocked by Charles-Olivier Roussel.
17:37 of 1st period - Wrist shot by Anton Gustafsson.
17:37 of 1st period - Goal by Anton Gustafsson - Wolfes : 1 - Carnivores : 2.
17:38 of 1st period - Scott Timmins wins face-off versus Scott Laughton in neutral zone.
18:03 of 1st period - Klas Dahlbeck is hit by T.J Brodie and loses puck.
18:26 of 1st period - Blake Geoffrion is hit by Michael Stone and loses puck.
18:32 of 1st period - Minor Penalty to David Fischer for Hooking.
18:33 of 1st period - Blake Geoffrion wins face-off versus Scott Timmins in Carnivores zone.
18:59 of 1st period - Blake Geoffrion is hit by Charles-Olivier Roussel and loses puck.
19:04 of 1st period - Snap shot by Benn Ferriero.
19:04 of 1st period - Shot Misses the Net.
19:06 of 1st period - Snap shot by Kyle Rau.
19:06 of 1st period - Goal by Kyle Rau - Wolfes : 2 - Carnivores : 2.
19:07 of 1st period - Scott Laughton wins face-off versus Scott Timmins in neutral zone.
19:12 of 1st period - Slapshot by Scott Laughton.
19:12 of 1st period - Goal by Scott Laughton - Wolfes : 2 - Carnivores : 3.
19:13 of 1st period - Scott Timmins wins face-off versus Anton Gustafsson in neutral zone.
19:45 of 1st period - Snap shot by Scott Laughton.
19:45 of 1st period - Stopped by Laurent Brossoit with a rebound.
19:47 of 1st period - Snap shot by Scott Laughton.
19:47 of 1st period - Stopped by Laurent Brossoit with a rebound.
19:49 of 1st period - Snap shot by Mark McNeill.
19:49 of 1st period - Shot Misses the Net.
Goals for this period are 2 for Wolfes vs 3 for Carnivores.
Shots for this period are 15 for Wolfes vs 11 for Carnivores.

2nd period


0:01 of 2nd period - Anton Gustafsson wins face-off versus Scott Timmins in neutral zone.
0:30 of 2nd period - Slapshot by Mark McNeill.
0:30 of 2nd period - Shot Blocked by Charles-Olivier Roussel.
0:32 of 2nd period - Slapshot by Jeremy Welsh.
0:32 of 2nd period - Shot Blocked by Charles-Olivier Roussel.
0:32 of 2nd period - Charles-Olivier Roussel from Wolfes is injured at 0:32 of 2nd period (Strained Left Elbow).
0:33 of 2nd period - Scott Timmins wins face-off versus Anton Gustafsson in Wolfes zone.
1:45 of 2nd period - Snap shot by Nicolas Deschamps.
1:45 of 2nd period - Shot Hit the Post.
1:47 of 2nd period - Slapshot by Matt Grzelcyk.
1:47 of 2nd period - Shot Blocked by T.J Brodie.
1:49 of 2nd period - Slapshot by Klas Dahlbeck.
1:49 of 2nd period - Shot Misses the Net.
1:59 of 2nd period - Snap shot by Anton Gustafsson.
1:59 of 2nd period - Goal by Anton Gustafsson - Wolfes : 2 - Carnivores : 4.
1:59 of 2nd period - Jeremy Smith enters game.
2:00 of 2nd period - Anton Gustafsson wins face-off versus Scott Timmins in neutral zone.
2:11 of 2nd period - Wrist shot by Anton Gustafsson.
2:11 of 2nd period - Deflect By Chris Lawrence.
2:11 of 2nd period - Stopped by Jeremy Smith with a rebound.
2:13 of 2nd period - Slapshot by David Fischer.
2:13 of 2nd period - Stopped by Jeremy Smith without a rebound.
2:14 of 2nd period - Kyle Rau wins face-off versus Scott Laughton in Wolfes zone.
2:14 of 2nd period - Kyle Rau is hit by Scott Laughton.
2:24 of 2nd period - Wrist shot by Benn Ferriero.
2:24 of 2nd period - Goal by Benn Ferriero - Wolfes : 3 - Carnivores : 4.
2:25 of 2nd period - Anton Gustafsson wins face-off versus Scott Timmins in neutral zone.
2:32 of 2nd period - Snap shot by Anton Gustafsson.
2:32 of 2nd period - Stopped by Jeremy Smith without a rebound.
2:33 of 2nd period - Anton Gustafsson wins face-off versus Scott Timmins in Wolfes zone.
2:40 of 2nd period - Wrist shot by Blake Geoffrion.
2:40 of 2nd period - Shot Misses the Net.
2:42 of 2nd period - Slapshot by Trevor Van Riemsdyk.
2:42 of 2nd period - Stopped by Jeremy Smith with a rebound.
2:54 of 2nd period - Wrist shot by Scott Timmins.
2:54 of 2nd period - Deflect By Alexandre Grenier.
2:54 of 2nd period - Shot Blocked by Trevor Van Riemsdyk.
2:54 of 2nd period - Puck is out of play.
2:55 of 2nd period - Kyle Rau wins face-off versus Scott Laughton in Carnivores zone.
2:56 of 2nd period - Slapshot by Sergei Plotnikov.
2:56 of 2nd period - Deflect By Benn Ferriero.
2:56 of 2nd period - Shot Misses the Net.
2:56 of 2nd period - Puck is out of play.
2:57 of 2nd period - Scott Laughton wins face-off versus Sergei Plotnikov in Carnivores zone.
3:44 of 2nd period - Snap shot by Markus Granlund.
3:44 of 2nd period - Stopped by Jeremy Smith with a rebound.
3:48 of 2nd period - Wrist shot by Nicolas Kerdiles.
3:48 of 2nd period - Deflect By Zachary Sanford.
3:48 of 2nd period - Shot Misses the Net.
3:48 of 2nd period - Puck is out of play.
3:49 of 2nd period - Markus Granlund wins face-off versus Kyle Rau in Wolfes zone.
4:08 of 2nd period - Snap shot by Joel Armia.
4:08 of 2nd period - Shot Misses the Net.
4:10 of 2nd period - Wrist shot by Joel Armia.
4:10 of 2nd period - Goal by Joel Armia - Wolfes : 3 - Carnivores : 5.
4:11 of 2nd period - Scott Timmins wins face-off versus Scott Laughton in neutral zone.
4:14 of 2nd period - Snap shot by Alexandre Grenier.
4:14 of 2nd period - Shot Misses the Net.
4:16 of 2nd period - Snap shot by Blake Pietila.
4:16 of 2nd period - Stopped by Tristan Jarry without a rebound.
4:17 of 2nd period - Scott Timmins wins face-off versus Scott Laughton in Carnivores zone.
4:43 of 2nd period - Slapshot by Sergei Plotnikov.
4:43 of 2nd period - Stopped by Tristan Jarry with a rebound.
4:45 of 2nd period - Wrist shot by Benn Ferriero.
4:45 of 2nd period - Goal by Benn Ferriero - Wolfes : 4 - Carnivores : 5.
4:46 of 2nd period - Anton Gustafsson wins face-off versus Scott Timmins in neutral zone.
4:52 of 2nd period - Icing by Jyrki Jokipakka.
4:53 of 2nd period - Anton Gustafsson wins face-off versus Scott Timmins in Wolfes zone.
5:06 of 2nd period - Snap shot by Alexandre Grenier.
5:06 of 2nd period - Stopped by Tristan Jarry with a rebound.
5:08 of 2nd period - Wrist shot by Scott Timmins.
5:08 of 2nd period - Stopped by Tristan Jarry without a rebound.
5:09 of 2nd period - Scott Laughton wins face-off versus Kyle Rau in Carnivores zone.
5:20 of 2nd period - Wrist shot by Benn Ferriero.
5:20 of 2nd period - Goal by Benn Ferriero - Wolfes : 5 - Carnivores : 5.
5:21 of 2nd period - Blake Pietila wins face-off versus Anton Gustafsson in neutral zone.
5:24 of 2nd period - Slapshot by Michael Stone.
5:24 of 2nd period - Shot Misses the Net.
5:32 of 2nd period - Alexandre Grenier is hit by Blake Geoffrion and loses puck.
5:47 of 2nd period - Benn Ferriero is hit by Trevor Van Riemsdyk.
6:04 of 2nd period - Icing by Mark McNeill.
6:05 of 2nd period - Markus Granlund wins face-off versus Angelo Esposito in Carnivores zone.
6:32 of 2nd period - Snap shot by Anton Gustafsson.
6:32 of 2nd period - Shot Misses the Net.
6:38 of 2nd period - Slapshot by Anton Gustafsson.
6:38 of 2nd period - Shot Misses the Net.
6:40 of 2nd period - Slapshot by Tony DeAngelo.
6:40 of 2nd period - Shot Blocked by Blake Pietila.
6:50 of 2nd period - Snap shot by Alexandre Grenier.
6:50 of 2nd period - Shot Misses the Net.
6:52 of 2nd period - Slapshot by Michael Stone.
6:52 of 2nd period - Shot Misses the Net.
6:54 of 2nd period - Snap shot by Jyrki Jokipakka.
6:54 of 2nd period - Stopped by Tristan Jarry without a rebound.
6:55 of 2nd period - Kyle Rau wins face-off versus Scott Laughton in Carnivores zone.
8:00 of 2nd period - Oskar Lindblom is hit by Sergei Plotnikov and loses puck.
8:09 of 2nd period - Mattias Backman is hit by Benn Ferriero and loses puck.
8:44 of 2nd period - Slapshot by T.J Brodie.
8:44 of 2nd period - Shot Misses the Net.
8:46 of 2nd period - Slapshot by Curtis Lazar.
8:46 of 2nd period - Shot Misses the Net.
9:02 of 2nd period - Slapshot by Sergei Plotnikov.
9:02 of 2nd period - Stopped by Tristan Jarry with a rebound.
9:21 of 2nd period - Wrist shot by Curtis Lazar.
9:21 of 2nd period - Deflect By Riley Barber.
9:21 of 2nd period - Shot Misses the Net.
9:21 of 2nd period - Puck is out of play.
9:22 of 2nd period - Anton Gustafsson wins face-off versus Scott Timmins in Wolfes zone.
9:23 of 2nd period - Snap shot by Blake Geoffrion.
9:23 of 2nd period - Stopped by Jeremy Smith with a rebound.
9:25 of 2nd period - Slapshot by Chris Lawrence.
9:25 of 2nd period - Goal by Chris Lawrence - Wolfes : 5 - Carnivores : 6.
9:26 of 2nd period - Anton Gustafsson wins face-off versus Scott Timmins in neutral zone.
9:35 of 2nd period - Wrist shot by Chris Lawrence.
9:35 of 2nd period - Stopped by Jeremy Smith without a rebound.
9:36 of 2nd period - Anton Gustafsson wins face-off versus Scott Timmins in Wolfes zone.
9:49 of 2nd period - David Fischer is hit by Blake Pietila and loses puck.
9:54 of 2nd period - Snap shot by Blake Pietila.
9:54 of 2nd period - Stopped by Tristan Jarry without a rebound.
9:55 of 2nd period - Scott Laughton wins face-off versus Angelo Esposito in Carnivores zone.
10:20 of 2nd period - Michael Stone is hit by Blake Geoffrion and loses puck.
10:29 of 2nd period - Backhand shot by Michael Stone.
10:29 of 2nd period - Stopped by Tristan Jarry with a rebound.
11:50 of 2nd period - Slapshot by Blake Geoffrion.
11:50 of 2nd period - Stopped by Jeremy Smith without a rebound.
11:51 of 2nd period - Scott Laughton wins face-off versus Zachary Sanford in Wolfes zone.
11:52 of 2nd period - Snap shot by Mark McNeill.
11:52 of 2nd period - Deflect By Michael Stone.
11:52 of 2nd period - Stopped by Jeremy Smith with a rebound.
12:21 of 2nd period - Snap shot by Blake Geoffrion.
12:21 of 2nd period - Deflect By Chris Lawrence.
12:21 of 2nd period - Shot Misses the Net.
12:21 of 2nd period - Puck is out of play.
12:22 of 2nd period - Scott Timmins wins face-off versus Anton Gustafsson in Wolfes zone.
12:49 of 2nd period - Wrist shot by Blake Pietila.
12:49 of 2nd period - Stopped by Tristan Jarry with a rebound.
12:51 of 2nd period - Snap shot by Scott Timmins.
12:51 of 2nd period - Shot Misses the Net.
12:59 of 2nd period - Off-side.
13:00 of 2nd period - Kyle Rau wins face-off versus Scott Laughton in neutral zone.
13:03 of 2nd period - Jeremy Welsh is hit by Michael Stone and loses puck.
13:28 of 2nd period - Nicolas Kerdiles is hit by Thomas Spelling and loses puck.
13:59 of 2nd period - Wrist shot by Barclay Goodrow.
13:59 of 2nd period - Goal by Barclay Goodrow - Wolfes : 6 - Carnivores : 6.
14:00 of 2nd period - Chris Lawrence wins face-off versus Scott Timmins in neutral zone.
14:13 of 2nd period - Wrist shot by Blake Pietila.
14:13 of 2nd period - Shot Blocked by Chris Lawrence.
14:15 of 2nd period - Slapshot by Jyrki Jokipakka.
14:15 of 2nd period - Shot Misses the Net.
14:25 of 2nd period - Jeremy Welsh is hit by Jyrki Jokipakka and loses puck.
15:18 of 2nd period - Snap shot by Zachary Sanford.
15:18 of 2nd period - Shot Blocked by Riley Barber.
16:27 of 2nd period - Slapshot by Jyrki Jokipakka.
16:27 of 2nd period - Stopped by Tristan Jarry with a rebound.
16:41 of 2nd period - Chris Lawrence is hit by Alexandre Grenier and loses puck.
17:06 of 2nd period - Mat Clark is hit by Alexandre Grenier and loses puck.
17:17 of 2nd period - Sergei Plotnikov is hit by Scott Laughton.
17:20 of 2nd period - Off-side.
17:21 of 2nd period - Nicolas Deschamps wins face-off versus Scott Laughton in neutral zone.
17:33 of 2nd period - Minor Penalty to Jacob Lagacé for Hooking.
17:34 of 2nd period - Alexandre Grenier wins face-off versus Anton Gustafsson in Wolfes zone.
17:59 of 2nd period - Blake Pietila is hit by Mat Clark and loses puck.
19:33 of 2nd period - Penalty to Jacob Lagacé is over, Jacob Lagacé is back on ice.
19:34 of 2nd period - Alexandre Grenier is hit by Nicolas Kerdiles and loses puck.
19:39 of 2nd period - Snap shot by Nicolas Kerdiles.
19:39 of 2nd period - Shot Misses the Net.
19:41 of 2nd period - Snap shot by Nicolas Kerdiles.
19:41 of 2nd period - Shot Misses the Net.
19:43 of 2nd period - Wrist shot by Chris Lawrence.
19:43 of 2nd period - Shot Blocked by Alexandre Grenier.
19:45 of 2nd period - Wrist shot by Chris Lawrence.
19:45 of 2nd period - Stopped by Jeremy Smith with a rebound.
Goals for this period are 4 for Wolfes vs 3 for Carnivores.
Shots for this period are 14 for Wolfes vs 13 for Carnivores.

3rd period


0:01 of 3rd period - Anton Gustafsson wins face-off versus Scott Timmins in neutral zone.
0:04 of 3rd period - Slapshot by Mat Clark.
0:04 of 3rd period - Shot Misses the Net.
0:31 of 3rd period - Michael Stone is hit by Scott Laughton and loses puck.
0:48 of 3rd period - Snap shot by Nicolas Deschamps.
0:48 of 3rd period - Shot Misses the Net.
0:56 of 3rd period - Slapshot by Mark McNeill.
0:56 of 3rd period - Stopped by Jeremy Smith without a rebound.
0:57 of 3rd period - Anton Gustafsson wins face-off versus Blake Pietila in Wolfes zone.
1:10 of 3rd period - Blake Geoffrion is hit by Alexandre Grenier and loses puck.
2:49 of 3rd period - Minor Penalty to Anton Gustafsson for Hooking.
2:50 of 3rd period - Scott Timmins wins face-off versus Blake Geoffrion in Carnivores zone.
3:07 of 3rd period - Blake Geoffrion is hit by Blake Pietila and loses puck.
3:08 of 3rd period - Blake Geoffrion from Carnivores is injured at 3:08 of 3rd period (Sprained Left Knee).
3:09 of 3rd period - Nicolas Kerdiles wins face-off versus Scott Timmins in Carnivores zone.
3:20 of 3rd period - Nicolas Kerdiles is hit by Scott Timmins and loses puck.
3:25 of 3rd period - Wrist shot by Blake Pietila.
3:25 of 3rd period - Shot Misses the Net.
3:35 of 3rd period - Sergei Plotnikov is hit by David Fischer and loses puck.
3:44 of 3rd period - Scott Laughton is hit by Klas Dahlbeck and loses puck.
4:21 of 3rd period - Nicolas Kerdiles is hit by Blake Pietila and loses puck.
4:28 of 3rd period - Snap shot by Scott Timmins.
4:28 of 3rd period - Stopped by Tristan Jarry with a rebound.
4:49 of 3rd period - Penalty to Anton Gustafsson is over, Anton Gustafsson is back on ice.
5:17 of 3rd period - Mat Clark is hit by Zachary Sanford and loses puck.
5:53 of 3rd period - Slapshot by Riley Barber.
5:53 of 3rd period - Shot Blocked by Jyrki Jokipakka.
6:03 of 3rd period - Jyrki Jokipakka is hit by Nicolas Kerdiles and loses puck.
6:37 of 3rd period - Jeremy Welsh is hit by Matt Grzelcyk and loses puck.
6:52 of 3rd period - Nicolas Kerdiles is hit by Klas Dahlbeck.
7:06 of 3rd period - Wrist shot by Zachary Sanford.
7:06 of 3rd period - Shot Misses the Net.
7:08 of 3rd period - Slapshot by Alexandre Grenier.
7:08 of 3rd period - Stopped by Tristan Jarry without a rebound.
7:09 of 3rd period - Angelo Esposito wins face-off versus Anton Gustafsson in Carnivores zone.
7:37 of 3rd period - Zachary Sanford is hit by Oskar Lindblom and loses puck.
7:59 of 3rd period - Jeremy Welsh is hit by Klas Dahlbeck and loses puck.
8:32 of 3rd period - Slapshot by Mattias Backman.
8:32 of 3rd period - Shot Blocked by Barclay Goodrow.
9:22 of 3rd period - Wrist shot by Jeremy Welsh.
9:22 of 3rd period - Deflect By Scott Laughton.
9:22 of 3rd period - Goal by Scott Laughton - Wolfes : 6 - Carnivores : 7.
9:23 of 3rd period - Anton Gustafsson wins face-off versus Scott Timmins in neutral zone.
9:49 of 3rd period - Markus Granlund is hit by Matt Grzelcyk and loses puck.
10:12 of 3rd period - Wrist shot by Mattias Backman.
10:12 of 3rd period - Shot Blocked by Klas Dahlbeck.
10:14 of 3rd period - Snap shot by Scott Laughton.
10:14 of 3rd period - Shot Misses the Net.
10:16 of 3rd period - Slapshot by T.J Brodie.
10:16 of 3rd period - Stopped by Jeremy Smith with a rebound.
10:53 of 3rd period - Jyrki Jokipakka is hit by Tony DeAngelo and loses puck.
11:53 of 3rd period - David Fischer is hit by Alexandre Grenier and loses puck.
12:06 of 3rd period - Minor Penalty to Blake Pietila for Hooking.
12:07 of 3rd period - Anton Gustafsson wins face-off versus Zachary Sanford in Wolfes zone.
12:12 of 3rd period - Wrist shot by Anton Gustafsson.
12:12 of 3rd period - Shot Misses the Net.
12:14 of 3rd period - Slapshot by David Fischer.
12:14 of 3rd period - Stopped by Jeremy Smith with a rebound.
12:16 of 3rd period - Slapshot by Markus Granlund.
12:16 of 3rd period - Goal by Markus Granlund - Wolfes : 6 - Carnivores : 8.
12:17 of 3rd period - Anton Gustafsson wins face-off versus Scott Timmins in neutral zone.
12:20 of 3rd period - Alexandre Grenier is hit by Markus Granlund and loses puck.
12:29 of 3rd period - David Fischer is hit by Scott Timmins and loses puck.
12:48 of 3rd period - Snap shot by Scott Laughton.
12:48 of 3rd period - Stopped by Jeremy Smith without a rebound.
12:49 of 3rd period - Kyle Rau wins face-off versus Scott Laughton in Wolfes zone.
13:14 of 3rd period - Anton Gustafsson is hit by Scott Timmins and loses puck.
13:43 of 3rd period - Backhand shot by Thomas Spelling.
13:43 of 3rd period - Stopped by Tristan Jarry without a rebound.
13:44 of 3rd period - Scott Laughton wins face-off versus Scott Timmins in Carnivores zone.
14:38 of 3rd period - Icing by Scott Timmins.
14:39 of 3rd period - Scott Timmins wins face-off versus Anton Gustafsson in Wolfes zone.
14:47 of 3rd period - Off-side.
14:48 of 3rd period - Kyle Rau wins face-off versus Anton Gustafsson in neutral zone.
15:09 of 3rd period - Scott Laughton is hit by Thomas Spelling and loses puck.
16:29 of 3rd period - Jyrki Jokipakka is hit by Jeremy Welsh and loses puck.
17:08 of 3rd period - Mat Clark is hit by Blake Pietila and loses puck.
18:21 of 3rd period - Nicolas Kerdiles is hit by Scott Timmins and loses puck.
18:28 of 3rd period - Sergei Plotnikov is hit by Chris Lawrence and loses puck.
18:38 of 3rd period - Off-side.
18:39 of 3rd period - Angelo Esposito wins face-off versus Scott Laughton in neutral zone.
18:57 of 3rd period - Icing by Thomas Spelling.
18:58 of 3rd period - Anton Gustafsson wins face-off versus Angelo Esposito in Wolfes zone.
19:15 of 3rd period - David Fischer is hit by Michael Stone and loses puck.
Goals for this period are 0 for Wolfes vs 2 for Carnivores.
Shots for this period are 3 for Wolfes vs 6 for Carnivores.